 Dungeon Crawl Stone Soup version 0.29-a0-72-g1732ff48e7 (webtiles) character file.

Game seed: 8223039261644154265

3688 fragbeetle the Cleaver (level 10, 0/86 HPs)
             Began as a Hill Orc Cinder Acolyte on Feb 3, 2022.
             Was a High Priest of Ignis.
             Killed from afar by Erica (17 damage)
             ... with a bolt of poison
             ... on level 8 of the Dungeon.
             The game lasted 00:19:53 (9987 turns).

fragbeetle the Cleaver (Hill Orc Cinder Acolyte)    Turns: 9987, Time: 00:19:53

Health: 0/86       AC: 17    Str: 18    XL:     10   Next: 13%
Magic:  11/11      EV: 10    Int: 16    God:    Ignis [*****.]
Gold:   400        SH:  4    Dex:  8    Spells: 6/11 levels left

rFire   + + +      SeeInvis .   Q - +4 flail
rCold   . . .      Faith    .   s - +2 buckler
rNeg    . . .      Spirit   .   G - +2 leather armour "Ygic" {rF+ Will++}
rPois   .          Reflect  .   w - +2 helmet
rElec   .          Harm     .   g - scarf {shadows}
rCorr   .          Rampage  .   e - +0 pair of gloves
Will    +++..                   k - +0 pair of boots
Stlth   +.........              t - amulet of magic regeneration
HPRegen 0.24/turn               J - ring "Zirhiupu" {Fly Will+}
MPRegen 0.52/turn               x - ring of protection from fire

@: lethally poisoned (0 -> -19), fiery-armoured, flying
A: no striking features
a: Renounce Religion, Fiery Armour, Foxfire Swarm, Rising Flame


You were on level 8 of the Dungeon.
You worshipped Ignis.
Ignis was extremely pleased with you.
You visited 2 branches of the dungeon, and saw 9 of its levels.

You collected 400 gold pieces.

Inventory:

Hand Weapons
 a - a +4 dagger of venom
 b - a +0 hunting sling
 o - a -1 hand axe of flaming
 Q - a +4 flail (weapon)
Missiles
 c - 186 stones
 p - a throwing net
 y - a datura-tipped dart
Armour
 d - the +2 chain mail of Hysteria {Rampage rF++ MP-9 Str+4}
   (You found it on level 6 of the Dungeon)

   Str:       It affects your strength (+4).
   rF:        It greatly protects you from fire.
   MP:        It affects your magic capacity (-9).
   Rampage:   It bestows one free step when moving towards enemies.
 e - a +0 pair of gloves (worn)
 g - a scarf of shadows (worn)
 k - a +0 pair of boots (worn)
 s - a +2 buckler (worn)
 w - a +2 helmet (worn)
 G - the +2 leather armour "Ygic" (worn) {rF+ Will++}
   (You found it on level 6 of the Dungeon)

   rF:        It protects you from fire.
   Will:      It greatly increases your willpower.
Jewellery
 f - a ring of resist corrosion
 j - an amulet of faith
 t - an amulet of magic regeneration (around neck)
 x - a ring of protection from fire (right hand)
 z - an amulet of regeneration
 B - a +4 ring of evasion
 E - a ring of ice
 J - the ring "Zirhiupu" (left hand) {Fly Will+}
   (You found it on level 6 of the Dungeon)

   [ring of flight]

   Fly:       It grants you flight.
   Will:      It increases your willpower.
Wands
 n - a wand of polymorph (1)
 D - a wand of mindburst (11)
 F - a wand of iceblast (10)
 L - a wand of digging (4)
 N - a wand of flame (13)
Scrolls
 q - 2 scrolls of fog {unknown}
 r - 2 scrolls of noise {unknown}
 u - 2 scrolls of teleportation {unknown}
 A - a scroll of enchant weapon {unknown}
 C - a scroll of fear {unknown}
 K - a scroll of enchant armour {unknown}
 O - a scroll of identify
 P - a scroll of immolation {unknown}
 R - a scroll of magic mapping {unknown}
Potions
 h - 3 potions of curing
 i - 3 potions of mutation
 l - a potion of lignification {unknown}
 m - a potion of resistance {unknown}
 v - 2 potions of brilliance
 H - 3 potions of invisibility
 I - 2 potions of cancellation
 M - a potion of flight {unknown}


   Skills:
 + Level 7.4 Fighting
 * Level 10.8 Axes
 - Level 1.0 Spellcasting
 * Level 6.4 Conjurations
 + Level 6.7 Fire Magic
 * Level 5.8 Poison Magic


You had 6 spell levels left.
You knew the following spells:

 Your Spells              Type           Power      Damage    Failure   Level
a - Scorch                Fire           44%        2d7       3%          2
b - Mephitic Cloud        Conj/Pois/Air  13%        N/A       22%         3

Your spell library contained the following spells:

 Spells                   Type           Power      Damage    Failure   Level
 Magic Dart               Conj           84%        1d7       2%          1
 Sting                    Tmut/Pois      40%        1d5       12%         1
 Poisonous Vapours        Pois/Air       20%        N/A       17%         2
 Ignite Poison            Fire/Tmut/Pois 14%        N/A       21%         3
 Olgreb's Toxic Radiance  Pois           19%        N/A       34%         4
 Call Imp                 Summ           0%         N/A       50%         2
 Frozen Ramparts          Ice            0%         1d2       75%         3
 Ice Form                 Ice/Tmut       0%         N/A       98%         4
 Summon Ice Beast         Ice/Summ       0%         N/A       98%         4
 Freezing Cloud           Conj/Ice/Air   3%         6-21      99%         5


Dungeon Overview and Level Annotations

Branches:
Dungeon (8/15)             Temple (1/1) D:6
   Lair: D:8-11

Altars:
Ashenzari
Cheibriados
Dithmenos
Elyvilon
Fedhas
Gozag
Kikubaaqudgha
Makhleb
Nemelex Xobeh
Okawaru
Qazlal
Ru
Sif Muna
Trog
Uskayaw
Vehumet
Wu Jian
Xom
Zin
The Shining One

Annotations:
D:5 3 runed translucent doors, bobojojo's ghost, amateur MiFi
D:7 Dowan; Duvessa
D:8 Erica


Message History

You feel very sick.
Erica hits you with a +0 scimitar of flaming!
You feel better. You block Erica's attack.
You closely miss Erica.
Erica is heavily wounded.
Erica screams, "Coming here was suicide!
For you!"
Erica hits you with a +0 scimitar of flaming.
You thump Erica!
Erica is severely wounded.
Erica hits you with a +0 scimitar of flaming.
Erica says, "I'm so much better than you."
You block Erica's attack.
Your magical contamination has completely faded away.
You barely miss Erica.
Erica is severely wounded.
Erica hits you but does no damage.
You barely miss Erica.
Erica is severely wounded.
Erica points at you and mumbles some strange words.
The lance of force hits you!
* * * LOW HITPOINT WARNING * * *
You are knocked back by the lance of force.
You slam into the rock wall!
* * * LOW HITPOINT WARNING * * *
Unknown command.
A protective cloak of flame settles atop you.
Erica barely misses you.
Okay, then.
Erica gestures wildly while chanting.
Erica flickers and vanishes!
Deactivating autopickup; reactivate with Ctrl-A.
Casting: Scorch (safe; 3% risk of failure)
Confirm with . or Enter, or press ? or * to list all spells.
You can't see any susceptible monsters within range! (Use Z to cast anyway.) Unknown command.
You hear some strange, mumbled words.
A bolt of poison appears from out of thin air!
The bolt of poison hits you!
You are lethally poisoned!
You die...

..
############
..
#.{........#
##.
#.########.#
.. #.# #.#
.# #.#
#.##!# #@#
#....# #.#
###### #.#
#.# #.# #.#
#.# #.# #.#


There were no monsters in sight!

Vanquished Creatures
  An ugly thing (D:7)
  Prince Ribbit (D:7)
  Grinder (D:3)
  Sigmund (D:3)
  Grum (D:8)
  A steam dragon (D:7)
  3 ice beasts
  3 orc warriors
  3 water moccasins
  A sky beast (D:8)
  3 ogres
  4 wolves (D:8)
  A centaur (D:6)
  2 bullfrogs
  3 scorpions
  A bullfrog zombie (D:5)
  An orc priest (D:8)
  A hound (D:5)
  A gnoll shaman (D:6)
  A centaur skeleton (D:7)
  Terence (D:3)
  An iguana (D:8)
  3 orc wizards
  A hound zombie (D:5)
  Robin (D:3)
  7 adders
  8 gnolls
  2 shadow imps (D:6)
  2 ufetubi (D:5)
  15 orcs
  6 bats
  4 endoplasms
  2 giant cockroaches
  15 goblins
  11 hobgoblins
  6 jackals
  12 quokkas
  6 ball pythons
  A frilled lizard (D:1)
  7 kobolds
  2 rats (D:3)
147 creatures vanquished.

Vanquished Creatures (others)
  12 foxfires (D:7)
12 creatures vanquished.

Grand Total: 159 creatures vanquished

Notes
Turn   | Place    | Note
-------+----------+-------------------------------------------
     0 | D:1      | fragbeetle the Hill Orc Cinder Acolyte began the quest for
                  | the Orb.
     0 | D:1      | Reached XP level 1. HP: 19/19 MP: 2/2
   368 | D:1      | Reached XP level 2. HP: 27/27 MP: 3/3
   383 | D:1      | Learned a level 2 spell: Scorch
   571 | D:1      | Found a faded altar of an unknown god.
  1192 | D:2      | Reached XP level 3. HP: 11/33 MP: 1/4
  1700 | D:2      | Reached skill level 5 in Axes
  1759 | D:2      | Reached XP level 4. HP: 29/40 MP: 5/5
  2911 | D:3      | Noticed Grinder
  3197 | D:3      | Reached XP level 5. HP: 47/47 MP: 3/6
  3199 | D:3      | Paralysed by Grinder for 6 turns
  3215 | D:3      | Killed Grinder
  3216 | D:3      | Reached skill level 6 in Axes
  3216 | D:3      | Reached skill level 5 in Fire Magic
  3216 | D:3      | Reached XP level 6. HP: 9/55 MP: 1/7
  3472 | D:3      | Learned a level 3 spell: Mephitic Cloud
  3630 | D:3      | Noticed Sigmund
  3635 | D:3      | Killed Sigmund
  3636 | D:3      | Reached skill level 5 in Fighting
  3636 | D:3      | Reached skill level 7 in Axes
  3636 | D:3      | Reached skill level 1 in Conjurations
  3636 | D:3      | Reached skill level 1 in Poison Magic
  3636 | D:3      | Reached XP level 7. HP: 58/61 MP: 1/8
  3841 | D:3      | Noticed Robin
  3846 | D:3      | Found an iron altar of Okawaru.
  3953 | D:3      | Killed Robin
  4091 | D:3      | Noticed Terence
  4094 | D:3      | Killed Terence
  4420 | D:4      | Found a sacrificial altar of Ru.
  5450 | D:5      | Entered Level 5 of the Dungeon
  5562 | D:5      | Reached XP level 8. HP: 70/70 MP: 9/9
  5938 | D:5      | Reached skill level 8 in Axes
  6143 | D:5      | Found a runed translucent gate.
  6143 | D:5      | Found a runed translucent gate.
  6144 | D:5      | Found a runed translucent gate.
  6144 | D:5      | Found an opulent altar of Gozag.
  6155 | D:5      | Noticed a two-headed ogre
  6156 | D:5      | Noticed bobojojo's ghost (amateur MiFi)
  6404 | D:6      | Identified the +2 leather armour "Ygic" {rF+ Will++}
  6430 | D:6      | Identified the +2 chain mail of Hysteria {Rampage rF++ MP-9
                  | Str+4}
  7013 | D:6      | Found a staircase to the Ecumenical Temple.
  7059 | Temple   | Entered the Ecumenical Temple
  7499 | D:6      | Reached skill level 9 in Axes
  7598 | D:6      | Reached XP level 9. HP: 77/78 MP: 6/10
  7663 | D:6      | Identified the ring "Zirhiupu" {Fly Will+}
  7667 | D:6      | Found a shimmering altar of Xom.
  7722 | D:6      | Found a white marble altar of Elyvilon.
  7972 | D:7      | Noticed Prince Ribbit
  7978 | D:7      | Killed Prince Ribbit
  7979 | D:7      | Reached skill level 5 in Conjurations
  8087 | D:7      | Noticed Dowan
  8087 | D:7      | Noticed Duvessa
  8334 | D:7      | Noticed a white ugly thing
  8356 | D:7      | Killed a white ugly thing
  8357 | D:7      | Reached skill level 10 in Axes
  8357 | D:7      | Reached skill level 5 in Poison Magic
  8614 | D:7      | Found a blossoming altar of Fedhas.
  9174 | D:8      | Found a hide-covered altar of Uskayaw.
  9174 | D:8      | Noticed a +0 dagger
  9176 | D:8      | Noticed a +0 short sword
  9176 | D:8      | Noticed a +0 dagger
  9177 | D:8      | Noticed a +0 spear
  9177 | D:8      | Noticed a +0 falchion
  9178 | D:8      | Noticed a +0 spear
  9179 | D:8      | Noticed a +0 falchion
  9179 | D:8      | Noticed a +0 short sword
  9308 | D:8      | Reached XP level 10. HP: 79/86 MP: 6/11
  9309 | D:8      | Noticed Grum
  9347 | D:8      | Killed Grum
  9956 | D:8      | Noticed Erica
  9987 | D:8      | Killed from afar by Erica

Illustrated notes

Levels and vault maps discovered:
D:1:      erik_arrival_orb_chamber, layout_basic,
          ebering_ecumenical_altar_ruins, corexii_hall_statues_deadend
D:2:      layout_loops_corners
D:3:      layout_basic, mainiacjoe_overflow_chevrons, uniq_robin, uniq_sigmund,
          uniq_terence, uniq_grinder
D:4:      layout_rooms, nicolae_ru_sacrificial_ziggurat, minivault_19
D:5:      layout_rooms, ebering_ghost_gozag
D:6:      layout_loops_corners, mainiacjoe_overflow_catch_the_wave,
          minmay_temple_entry_nine_rooms
D:7:      minmay_the_grid_octo_triangle [minmay_the_grid_octo_checkered,
          minmay_the_grid_octo_prize_star, minmay_the_grid_octo_horde],
          layout_rooms, kennysheep_mini, minitemple, uniq_prince_ribbit1,
          uniq_duvessa
D:8:      layout_loops_ring, nicolae_uskayaw_en_pointe, uniq_erica, uniq_joseph,
          uniq_grum
Temple:   dpeg_chambers_temple

Skill      XL: |  1  2  3  4  5  6  7  8  9 |
---------------+----------------------------+-----
Fighting       | 4 5 6 7 |  7.4
Fire Magic     | 4 5 6 |  6.7
Axes           | 5 6 7 9 10 | 10.8
Conjurations   | 1 2 4 6 |  6.4
Poison Magic   | 1 2 4 5 |  5.8
Spellcasting   | |  1.0

Action                   |  1- 3 |  4- 6 |  7- 9 | 10-12 || total
-------------------------+-------+-------+-------+-------++-------
Melee: Hand axe          |    83 |    10 |       |       ||    93
       Punch             |     1 |     1 |     1 |       ||     3
       Dagger            |       |    39 |   210 |    39 ||   288
       Flail             |       |       |       |     4 ||     4
 Fire: Hunting sling     |       |       |     9 |       ||     9
Throw: Dart              |       |     3 |     1 |       ||     4
 Cast: Scorch            |     5 |    17 |   105 |    15 ||   142
       Mephitic Cloud    |       |       |     1 |       ||     1
Invok: Fiery Armour      |       |       |     1 |     1 ||     2
       Foxfire Swarm     |       |       |     1 |       ||     1
Evoke: Wand              |       |       |       |     2 ||     2
  Use: Scroll            |       |       |     5 |       ||     5
       Potion            |       |       |       |     1 ||     1
Armor: Robe              |     1 |       |       |       ||     1
       Leather armour    |    25 |    17 |    98 |    13 ||   153
Dodge: Dodged            |    57 |    58 |   106 |    20 ||   241
Block: Buckler           |       |       |    41 |    12 ||    53

Table legend: (Time is in decaauts)
 A = Elapsed time spent in this place.
 B = Non-inter-level travel time spent in this place.
 C = Inter-level travel time spent in this place.
 D = Time resting spent in this place.
 E = Time spent auto-exploring this place.
 F = Levels seen in this place.
 G = Mean time per level.
                   A        B        C        D        E       F      G
               +--------+--------+--------+--------+--------+-----+--------+
         Total |  10014 |   9676 |    338 |   2215 |   5789 |   9 | 1112.7 |
       Dungeon |   9778 |   9440 |    338 |   2215 |   5598 |   8 | 1222.2 |
        Temple |    236 |    236 |      0 |      0 |    191 |   1 |  236.0 |
               +--------+--------+--------+--------+--------+-----+--------+

Top non-repeatable levels by time:
     D:2: 1725 daAuts
     D:1: 1462 daAuts
     D:3: 1344 daAuts
     D:8: 1250 daAuts
     D:6: 1232 daAuts
     D:4: 942 daAuts
     D:5: 935 daAuts
     D:7: 886 daAuts
  Temple: 236 daAuts
